 Dungeon Crawl Stone Soup version 0.23.2-33-g5129a83184 (webtiles) character file.

Game seed: 9242513763379799325

48 MalarOregon the Poker (level 3, 0/28 HPs)
             Began as a Merfolk Skald on Aug 5, 2019.
             Slain by an orc wizard
             ... wielding a +0 dagger
              (2 damage)
             ... on level 2 of the Dungeon.
             The game lasted 00:04:18 (693 turns).

MalarOregon the Poker (Merfolk Skald)                Turns: 693, Time: 00:04:19

Health: 0/28       AC:  4    Str: 12    XL:     3   Next: 72%
Magic:  6/6        EV: 19    Int: 12    God:
Gold:   49         SH:  0    Dex: 20    Spells: 5/6 levels left

rFire    . . .     SeeInvis .   a - +0 spear
rCold    . . .     Gourm    .   (no shield)
rNeg     . . .     Faith    .   b - +0 leather armour
rPois    .         Spirit   .   (no helmet)
rElec    .         Reflect  .   (no cloak)
rCorr    .         Harm     .   (no gloves)
MR       .....     Clarity  +   h - +0 pair of boots
Stlth    +++.......             (no amulet)
HPRegen  0.09/turn              (no ring)
MPRegen  0.10/turn              (no ring)

@: agile
A: change form in water, swift swim, stealthy swim, agile 1, clarity
a: no special abilities


You were on level 2 of the Dungeon.
You were not hungry.

You visited 1 branch of the dungeon, and saw 2 of its levels.

You collected 49 gold pieces.

Inventory:

Hand Weapons
 a - a +0 spear (weapon)
Armour
 b - a +0 leather armour (worn)
 h - a +0 pair of boots (worn)
   (You found it on level 1 of the Dungeon)
Jewellery
 i - a +5 ring of protection {unknown}
   (You found it on level 1 of the Dungeon)
Scrolls
 c - a scroll of enchant armour {unknown}
 d - a scroll of amnesia {unknown}
 j - a scroll of remove curse {unknown}
 k - a scroll of teleportation {unknown}
Comestibles
 e - 4 rations {!d}
 f - 6 chunks of flesh


   Skills:
 + Level 2.9 Fighting
 * Level 4.6 Polearms
 - Level 0.6 Armour
 + Level 3.4 Dodging
 - Level 2.0 Spellcasting
 - Level 3.2 Charms


You had 5 spell levels left.
You knew the following spells:

 Your Spells              Type           Power        Failure   Level  Hunger
a - Infusion              Chrm           #...         9%          1    ##.....

Your spell library contained the following spells:

 Spells                   Type           Power        Failure   Level  Hunger
 Song of Slaying          Chrm           #.......     14%         2    ###....
 Shroud of Golubria       Chrm/Tloc      #.........   26%         2    ###....
 Regeneration             Chrm/Necr      #.........   47%         3    ####...
 Spectral Weapon          Hex/Chrm       #.......     47%         3    ####...


Dungeon Overview and Level Annotations

Branches:
Dungeon (1/15)

Altars:
Ru


Innate Abilities, Weirdness & Mutations

You revert to your normal form in water You are very nimble and swift while swimming.
You are very stealthy in the water. (Stealth+)
You are agile. (Dex +2)
You possess an exceptional clarity of mind.


Message History

The orc wizard hits you but does no damage.
You miss the orc wizard.
The orc wizard hits you but does no damage.
You closely miss the orc wizard.
The orc wizard hits you with a +0 dagger.
* * * LOW HITPOINT WARNING * * *
You hit the orc wizard.
The orc wizard hits you with a +0 dagger.
* * * LOW HITPOINT WARNING * * *
You hit the orc wizard but do no damage.
You barely miss the orc wizard. The orc wizard closely misses you.
You hit the orc wizard but do no damage.
The orc wizard hits you but does no damage.
You barely miss the orc wizard.
The orc wizard hits you with a +0 dagger.
* * * LOW HITPOINT WARNING * * *
You hit the orc wizard but do no damage.
The orc wizard hits you but does no damage.
You closely miss the orc wizard. The orc wizard closely misses you.
You hit the orc wizard but do no damage.
The orc wizard misses you.
You hit the orc wizard. The orc wizard closely misses you.
You miss the orc wizard.
The orc wizard hits you but does no damage.
You barely miss the orc wizard.
A rat comes into view.
You hit the orc wizard but do no damage.
The orc wizard hits you but does no damage.
You hit the orc wizard. The orc wizard barely misses you.
You hit the orc wizard but do no damage.
The orc wizard closely misses you.
You barely miss the orc wizard. The orc wizard closely misses you.
You hit the orc wizard.
The orc wizard hits you but does no damage.
Your leather armour prevents you from hitting the orc wizard.
The rat bites you.
* * * LOW HITPOINT WARNING * * *
The orc wizard hits you but does no damage.
It was a potion of mutation.
You feel extremely strange.
Your thoughts seem clearer.
You feel agile. The rat misses you.
It was a potion of agility.
You feel agile all of a sudden. The rat barely misses you.
You hit the rat but do no damage. The rat misses you.
You hit the rat.
You kill the rat!
You closely miss the orc wizard.
The orc wizard hits you with a +0 dagger.
You die...

#.#
########.#######
#..............#
#.######.#####.##
#..........
#....###...
#.'#### #+
#o#†..# ..#
#@#.†.#...#
###.......#
###._.### ......#
...#...#
#...#...#
+#######+


You could see an orc wizard (mute).

Vanquished Creatures
  An adder (D:2)
  An ooze (D:1)
  A ball python (D:2)
  2 bats (D:1)
  3 giant cockroaches
  2 goblins (D:1)
  4 hobgoblins (D:1)
  8 jackals (D:1)
  2 kobolds (D:1)
  4 frilled lizards (D:1)
  2 rats
30 creatures vanquished.

Notes
Turn   | Place    | Note
-------+----------+-------------------------------------------
     0 | D:1      | MalarOregon the Merfolk Skald began the quest for the Orb.
     0 | D:1      | Reached XP level 1. HP: 16/16 MP: 3/3
   138 | D:1      | Reached XP level 2. HP: 19/23 MP: 5/5
   248 | D:1      | Reached skill level 4 in Polearms
   261 | D:1      | Reached XP level 3. HP: 23/28 MP: 6/6
   628 | D:1      | You fall through a shaft!
   634 | D:2      | Found a sacrificial altar of Ru.
   686 | D:2      | HP: 1/28 [rat (3)]
   689 | D:2      | Gained mutation: You possess an exceptional clarity of
                  | mind. [potion of mutation]
   689 | D:2      | Gained mutation: You are agile. (Dex +2) [potion of
                  | mutation]
   693 | D:2      | Slain by an orc wizard

Skill      XL: |  1  2 |
---------------+-------+-----
Dodging        | 3 |  3.4
Polearms       | 4 |  4.6
Fighting       | |  2.9
Armour         | |  0.6
Spellcasting   | |  2.0
Charms         | |  3.2

Action                   || total
-------------------------++-------
Melee: Spear             ||   163
  Use: Potion            ||     2
 Stab: Invisible         ||     1
       Paralysed         ||     1
Armor: Leather armour    ||    36
Dodge: Dodged            ||   100
